 Dungeon Crawl Stone Soup version 0.30-a0-137-gd8773701ce (webtiles) character file.

Game seed: 6310909194307149655

314 LnG the Caller (level 6, -6/34 HPs)
             Began as a Kobold Summoner on Sept 23, 2022.
             Mangled by Duvessa
             ... wielding a +0 short sword
              (15 damage)
             ... on level 4 of the Dungeon.
             The game lasted 00:17:38 (5894 turns).

LnG the Caller (Kobold Summoner)                    Turns: 5894, Time: 00:17:38

Health: -6/34      AC:  6    Str:  5    XL:     6   Next: 72%
Magic:  5/12       EV: 15    Int: 18    God:
Gold:   156        SH:  0    Dex: 16    Spells: 4/13 levels left

rFire   . . .      SeeInvis .    i - +0 dagger
rCold   . . .      Faith    .    (no shield)
rNeg    . . .      Spirit   .    a - +0 robe
rPois   .          Reflect  .    (no helmet)
rElec   .          Harm     .    (no cloak)
rCorr   .          Rampage  .    (no gloves)
Will    .....                    (no boots)
Stlth   ++++......               (no amulet)
HPRegen 0.11/turn                f - +4 ring of protection
MPRegen 0.13/turn                o - ring of flight

@: flying
A: small, no large weapons, nightstalker 3
a: no special abilities


You were on level 4 of the Dungeon.
You visited 1 branch of the dungeon, and saw 4 of its levels.

You collected 156 gold pieces.

Inventory:

Hand Weapons
 i - a +0 dagger (weapon)
Armour
 a - a +0 robe (worn)
 b - a +0 cloak
Jewellery
 f - a +4 ring of protection (left hand)
 o - a ring of flight (right hand)
Wands
 k - a wand of charming (9)
 l - a wand of flame (14)
Scrolls
 c - 2 scrolls of vulnerability {unknown}
 d - a scroll of teleportation {unknown}
 g - a scroll of silence {unknown}
 m - a scroll of immolation {unknown}
 n - 3 scrolls of identify {unknown}
 p - 2 scrolls of magic mapping {unknown}
Potions
 e - a potion of haste {unknown}
 h - 2 potions of might {unknown}
 j - a potion of cancellation {unknown}
 q - a potion of heal wounds


   Skills:
 + Level 1.3 Fighting
 + Level 1.7 Short Blades
 + Level 3.1 Dodging
 + Level 3.7 Stealth
 + Level 0.3 Unarmed Combat
 + Level 4.0 Spellcasting
 + Level 0.7 Hexes
 + Level 5.5 Summonings


You had 4 spell levels left.
You knew the following spells:

 Your Spells              Type           Power      Damage    Failure   Level
a - Summon Small Mammal   Summ           92%        N/A       1%          1
b - Call Imp              Summ           23%        N/A       2%          2
c - Call Canine Familiar  Summ           23%        N/A       4%          3
d - Summon Guardian Gole  Hex/Summ       14%        N/A       12%         3

Your spell library contained the following spells:

 Spells                   Type           Power      Damage    Failure   Level
 Ensorcelled Hibernation  Hex/Ice        8%         N/A       19%         2
 Passwall                 Tmut/Erth      2%         N/A       22%         2
 Kindle Blastsparks       Fire/Tloc/Air  6%         2d10      41%         3
 Swiftness                Air            3%         N/A       41%         3
 Summon Lightning Spire   Summ/Air       13%        N/A       43%         4
 Fulminant Prism          Conj/Hex       2%         3d6       77%         4
 Iskenderun's Mystic Bla  Conj/Tloc      3%         2d3       82%         4
 Lee's Rapid Deconstruct  Erth           1%         3d5*      99%         5


Dungeon Overview and Level Annotations

Branches:
Dungeon (4/15)
 Temple: D:4-7

Altars:

Annotations:
D:4 Duvessa, Eustachio


Innate Abilities, Weirdness & Mutations

You are small and have problems with some larger weapons.
You are completely attuned to the shadows.


Message History

Duvessa is moderately wounded.
Your hound closely misses Dowan.
Your crimson imp barely misses Duvessa.
Your hound misses Dowan. Dowan closely misses your hound.
Duvessa hits you with a +0 short sword.
You barely miss Duvessa.
Duvessa is moderately wounded.
Your crimson imp closely misses Duvessa.
Your hound closely misses Dowan.
You hit Duvessa but do no damage.
Duvessa is moderately wounded.
Dowan barely misses your hound. Duvessa hits you with a +0 short sword.
Your hound bites Dowan.
Dowan dies!
Duvessa screams, "No!
How DARE you!"
Duvessa goes berserk!
Your crimson imp hits Duvessa but does no damage.
Your Spellcasting skill increases to level 4!
You hit Duvessa.
Duvessa is moderately wounded.
Duvessa closely misses you.
Your crimson imp hits Duvessa but does no damage.
Duvessa hits your crimson imp with a +0 short sword!
Your hound bites Duvessa but does no damage.
You hit Duvessa but do no damage.
Duvessa is moderately wounded.
Duvessa hits you with a +0 short sword.
Your crimson imp hits Duvessa but does no damage.
Your hound bites Duvessa but does no damage.
You barely miss Duvessa.
Duvessa is moderately wounded.
Duvessa hits you with a +0 short sword.
* * * LOW HITPOINT WARNING * * *
Your hound bites Duvessa but does no damage.
Your crimson imp blinks!
Duvessa hits your hound with a +0 short sword!
You hit Duvessa.
Duvessa is moderately wounded.
Your hound bites Duvessa but does no damage.
Duvessa hits you with a +0 short sword!
You die...

...###....#
#.# #.#+
##...# #.#
#.# ##..#
#.# #. ..#
#.#
####.#.#
.....#.#
.....#.#
..h..#.#
..9e@#.#
.).#ยง#.#
.# #...#
###..# .5.#
##..# #..#


You could see Duvessa (berserk, ally target), a friendly guardian golem
(summoned), a friendly hound (summoned, sheltered) and a friendly crimson imp
(summoned, sheltered).

Vanquished Creatures
  5 adders
  2 ball pythons
  2 endoplasms (D:3)
  A giant cockroach (D:3)
  3 goblins (D:2)
  A hobgoblin (D:3)
  2 quokkas (D:2)
  2 bats
  3 frilled lizards (D:3)
  3 rats
24 creatures vanquished.

Vanquished Creatures (collateral kills)
  A nameless horror (D:3)
  Dowan (D:4)
  Terence (D:3)
  2 orc wizards (D:3)
  A gnoll (D:1)
  An adder (D:2)
  2 worms (D:2)
  5 dart slugs
  4 orcs (D:3)
  6 bats
  2 endoplasms (D:1)
  3 giant cockroaches
  3 goblins
  5 hobgoblins
  A kobold (D:3)
  3 quokkas (D:1)
  5 ball pythons
  6 frilled lizards
  3 rats (D:1)
55 creatures vanquished.

Vanquished Creatures (others)
  Crazy Yiuf (D:3)
  An iguana (D:3)
  An orc (D:3)
  3 fungi (D:3)
6 creatures vanquished.

Grand Total: 85 creatures vanquished

Notes
Turn   | Place    | Note
-------+----------+-------------------------------------------
     0 | D:1      | LnG the Kobold Summoner began the quest for the Orb.
     0 | D:1      | Reached XP level 1. HP: 10/10 MP: 3/3
   101 | D:1      | Reached XP level 2. HP: 13/15 MP: 1/5
   547 | D:1      | Reached XP level 3. HP: 17/19 MP: 2/6
   686 | D:1      | Learned a level 2 spell: Call Imp
   690 | D:1      | Learned a level 3 spell: Call Canine Familiar
  1534 | D:1      | Reached XP level 4. HP: 24/24 MP: 2/8
  1767 | D:1      | You fall into a shaft and drop 1 floor!
  2305 | D:2      | Found a faded altar of an unknown god.
  2880 | D:2      | Reached skill level 5 in Summonings
  2933 | D:2      | Reached XP level 5. HP: 24/28 MP: 8/10
  3380 | D:3      | Learned a level 3 spell: Summon Guardian Golem
  3568 | D:3      | Noticed Terence
  3579 | D:3      | Killed Terence
  3580 | D:3      | Reached skill level 1 in Fighting
  3762 | D:3      | Reached skill level 1 in Short Blades
  4081 | D:3      | Noticed a nameless horror
  4123 | D:3      | HP: 1/29 [orc/+0 whip (4)]
  4178 | D:3      | Killed a nameless horror
  4437 | D:3      | Reached XP level 6. HP: 34/34 MP: 11/11
  4758 | D:3      | Found a runed translucent door.
  4761 | D:3      | Noticed Crazy Yiuf
  5063 | D:3      | Killed Crazy Yiuf
  5417 | D:4      | Noticed Eustachio
  5874 | D:4      | Noticed Dowan
  5876 | D:4      | Noticed Duvessa
  5890 | D:4      | Killed Dowan
  5894 | D:4      | Mangled by Duvessa

Illustrated notes

Levels and vault maps discovered:
D:1:      lightli_arrival_boilingwater, layout_basic
D:2:      layout_basic, nicolae_ecumenical_lake_church, minmay_splitting_lines
D:3:      layout_loops_ring, hangedman_decor_diamond_cutter, uniq_terence,
          uniq_crazy_yiuf_cottage
D:4:      cheibrodos_barr_body, layout_basic, nemelex_dance_club_becter,
          nrook_mini_vaults, minmay_strange_pillars, guppyfry_early_lair_pool,
          uniq_eustachio, uniq_ijyb, uniq_duvessa, uniq_pikel

Skill      XL: |  1  2  3  4  5  6 |
---------------+-------------------+-----
Stealth        | 3 |  3.7
Spellcasting   | 3 4 |  4.0
Summonings     | 5 |  5.5
Fighting       | 1 |  1.3
Short Blades   | 1 |  1.7
Dodging        | 3 |  3.1
Unarmed Combat | |  0.3
Hexes          | |  0.7

Action                   |  1- 3 |  4- 6 || total
-------------------------+-------+-------++-------
Melee: Unarmed           |    36 |     1 ||    37
       Dagger            |       |   119 ||   119
       Punch             |       |     4 ||     4
 Cast: Summon Small Mamm |    16 |     1 ||    17
       Call Canine Famil |    12 |    28 ||    40
       Call Imp          |       |     6 ||     6
       Summon Guardian G |       |     7 ||     7
Evoke: Wand              |       |     3 ||     3
  Use: Potion            |       |     1 ||     1
 Stab: Sleeping          |       |    17 ||    17
       Betrayed ally     |       |     1 ||     1
Armor: Robe              |    18 |    26 ||    44
Dodge: Dodged            |    67 |    78 ||   145

Table legend: (Time is in decaauts)
 A = Elapsed time spent in this place.
 B = Non-inter-level travel time spent in this place.
 C = Inter-level travel time spent in this place.
 D = Time resting spent in this place.
 E = Time spent auto-exploring this place.
 F = Levels seen in this place.
 G = Mean time per level.
                   A        B        C        D        E       F      G
               +--------+--------+--------+--------+--------+-----+--------+
         Total |   5900 |   5765 |    135 |   1221 |   3475 |   4 | 1475.0 |
       Dungeon |   5900 |   5765 |    135 |   1221 |   3475 |   4 | 1475.0 |
               +--------+--------+--------+--------+--------+-----+--------+

Top non-repeatable levels by time:
     D:3: 2097 daAuts
     D:1: 2055 daAuts
     D:2: 1500 daAuts
     D:4: 246 daAuts
